 Dungeon Crawl Stone Soup version 0.28.0-45-g0d030f2227 (webtiles) character file.

Game seed: 9329425772560646607

23364 jimbutter the Severer (level 12, -2/121 HPs)
             Began as a Minotaur Berserker on Apr 6, 2022.
             Was a High Priest of Trog.
             Slain by a manticore (3 damage)
             ... while petrified by a catoblepas
             ... on level 4 of the Lair of Beasts on Apr 18, 2022.
             The game lasted 00:53:49 (15096 turns).

jimbutter the Severer (Minotaur Berserker)         Turns: 15096, Time: 00:53:49

Health: -2/121     AC: 21    Str: 29    XL:     12   Next: 71%
Magic:  11/11      EV:  2    Int:  4    God:    Trog [*****.]
Gold:   885        SH:  0    Dex: 10    Spells: 11/11 levels left

rFire   + . .      SeeInvis .   a - +1 war axe
rCold   + . .      Faith    +   p - +1 buckler "Vatsam" {Str+2}
rNeg    + + +      Spirit   .   M - +0 plate armour
rPois   ∞          Reflect  .   (helmet restricted)
rElec   .          Harm     .   j - scarf {rC+ rF+}
rCorr   .          Rampage  .   E - +0 pair of gloves
Will    .....                   N - +0 pair of boots
Stlth   ..........              n - amulet of faith
HPRegen 0.30/turn               e - +4 ring of protection
MPRegen 0.12/turn               o - +4 ring of slaying

@: petrified, spiked, on berserk cooldown, slowed, studying Axes, very slow
A: horns 2, retaliatory headbutt
a: Renounce Religion, Berserk, Trog's Hand, Brothers in Arms


You were on level 4 of the Lair of Beasts.
You worshipped Trog.
Trog was extremely pleased with you.
You visited 2 branches of the dungeon, and saw 15 of its levels.

You collected 885 gold pieces.

Inventory:

Hand Weapons
 a - a +1 war axe (weapon)
 b - a +3 hunting sling
Missiles
 i - 416 stones (quivered)
 k - 184 bolts
 r - 45 poisoned darts
Armour
 j - a scarf of resistance (worn)
 p - the +1 buckler "Vatsam" (worn) {Str+2}
   (You acquired it on level 1 of the Lair of Beasts)

   Str:       It affects your strength (+2).
 w - a +0 kite shield
 B - a +2 chain mail of fire resistance
 E - a +0 pair of gloves (worn)
 M - a +0 plate armour (worn)
 N - a +0 pair of boots (worn)
Jewellery
 e - a +4 ring of protection (left hand)
 n - an amulet of faith (around neck)
 o - a +4 ring of slaying (right hand)
 s - a +4 ring of evasion
 u - a ring of resist corrosion
 x - a ring of see invisible
 F - a +6 ring of dexterity
 L - the ring of Puroohoe {MP+9 Dex+4}
   (You found it on level 3 of the Lair of Beasts)

   [ring of magical power]

   Dex:       It affects your dexterity (+4).
   MP:        It affects your magic capacity (+9).
Wands
 f - a wand of mindburst (2)
 C - a wand of acid (8)
 G - a wand of charming (3)
 I - a wand of iceblast (8)
 J - a wand of flame (38)
Scrolls
 d - a scroll of magic mapping
 h - 2 scrolls of teleportation
 t - 3 scrolls of amnesia
 v - a scroll of blinking
 y - a scroll of enchant weapon
 A - a scroll of silence
Potions
 c - 3 potions of flight
 g - 2 potions of brilliance {unknown}
 l - a potion of invisibility {unknown}
 m - 8 potions of curing
 q - a potion of degeneration {unknown}
 z - 2 potions of haste
 D - 4 potions of lignification
 H - 3 potions of mutation
 K - a potion of magic


   Skills:
 + Level 15.4 Fighting
 - Level 16.0 Axes
 - Level 9.9 Armour
 - Level 7.0 Dodging
 + Level 9.7 Shields


You had 11 spell levels left.
You didn't know any spells.
Your spell library was empty.

Dungeon Overview and Level Annotations

Branches:
Dungeon (11/15)            Temple (0/1) D:7            Lair (4/6) D:9
 Shoals (0/4) Lair:3       Spider (0/4) Lair:2
    Orc: D:9-12

Altars:
Cheibriados
Elyvilon
Kikubaaqudgha
Nemelex Xobeh
Okawaru
Trog
Uskayaw
Vehumet
Xom
Yredelemnul

Shops:
D:9 !   D:10 (

Annotations:
D:10 2 transporters, Iusername's ghost, journeyman MiFi


Innate Abilities, Weirdness & Mutations

You have a pair of horns on your head.
You reflexively headbutt those who attack you in melee.


Message History

You slash the manticore! x2
Your skin stops crawling.
You feel less strong-willed. The manticore bites you!
* * * LOW HITPOINT WARNING * * *
You block the manticore's attack.
The manticore claws you but does no damage.
Your limbs are stiffening.
The barbs in your skin will harm you if you move.
Continue?
Okay, then.
You are too berserk!
You are no longer berserk.
You are exhausted.
You feel yourself slow down.
The manticore bites you but does no damage.
The manticore claws you but does no damage. x2
You block the manticore's attack.
The manticore claws you but does no damage.
You block the manticore's attack.
You hit the manticore but do no damage.
The manticore is almost dead.
You hit the manticore but do no damage. The manticore bites you.
* * * LOW HITPOINT WARNING * * *
The manticore claws you.
* * * LOW HITPOINT WARNING * * *
The manticore claws you.
The manticore bites you but does no damage.
You block the manticore's attack. The manticore barely misses you.
The manticore bites you!
* * * LOW HITPOINT WARNING * * *
The manticore claws you but does no damage.
The manticore claws you.
* * * LOW HITPOINT WARNING * * *
You block the manticore's attack. x2; The manticore claws you.
* * * LOW HITPOINT WARNING * * *
You have turned to stone.
The manticore bites you.
* * * LOW HITPOINT WARNING * * *
The manticore claws you but does no damage.
The manticore claws you!
You die...

##### ####
#...## #...#
#.H@≈#+#≈≈!.#
#.H††≈.≈..≈.#
##≈.......≈#
##≈.≈≈≈.≈#
#..≈<≈..#
#≈.≈≈≈.≈#
#≈.......≈#
#.≈..≈.≈..≈.#
#.!≈≈#.#≈≈).#


You could see 2 manticores.

Vanquished Creatures
  2 hydras (Lair:1)
  2 catoblepae (Lair:4)
  Erica (Lair:1)
  2 two-headed ogres
  Sonja (Lair:3)
  Pikel (D:5)
  A manticore (Lair:3)
  Maurice (D:10)
  A black mamba (Lair:1)
  Maggie (D:10)
  5 cane toads
  A demonic crawler (Lair:2)
  2 rime drakes (Lair:1)
  5 komodo dragons
  A wind drake (Lair:3)
  A polar bear (Lair:2)
  3 wyverns
  34 yaks
  4 basilisks
  16 water moccasins
  7 orc warriors
  3 black bears
  2 necrophages
  17 wolves
  3 centaurs
  An ogre (D:5)
  A lemure (D:5)
  2 kobold brigands
  A gnoll sergeant (D:9)
  3 scorpions
  9 bullfrogs
  Dowan (D:7)
  4 killer bees (D:7)
  4 wights (D:10)
  2 howler monkeys
  An electric eel (Lair:2)
  2 centaur zombies
  A bullfrog zombie (D:5)
  2 hounds
  A gnoll shaman (D:4)
  3 orc priests
  Jessica (D:2)
  2 iguanas
  7 orc wizards
  A hound zombie (D:5)
  A hound skeleton (D:4)
  Robin (D:4)
  15 gnolls
  10 adders
  3 shadow imps
  2 white imps
  An ufetubus (D:4)
  An adder skeleton (D:2)
  3 worms
  38 orcs
  8 endoplasms
  10 giant cockroaches
  18 goblins
  13 hobgoblins
  12 kobolds
  3 quokkas
  6 ball pythons
  5 bats
  4 frilled lizards
  7 rats
327 creatures vanquished.

Vanquished Creatures (others)
  Duvessa (D:7)
  A demonic plant (D:1)
  13 fungi
  24 plants
39 creatures vanquished.

Grand Total: 366 creatures vanquished

Notes
Turn   | Place    | Note
-------+----------+-------------------------------------------
     0 | D:1      | jimbutter the Minotaur Berserker began the quest for the
                  | Orb.
     0 | D:1      | Reached XP level 1. HP: 19/19 MP: 0/0
    81 | D:1      | Reached XP level 2. HP: 24/27 MP: 1/1
   203 | D:1      | Found a faded altar of an unknown god.
   470 | D:1      | Reached skill level 4 in Axes
   500 | D:1      | Reached ** piety under Trog
   693 | D:2      | Reached XP level 3. HP: 33/33 MP: 2/2
  1017 | D:2      | Reached XP level 4. HP: 37/40 MP: 3/3
  1135 | D:2      | Noticed Jessica
  1152 | D:2      | Killed Jessica
  1671 | D:2      | Reached *** piety under Trog
  1758 | D:3      | Reached XP level 5. HP: 47/47 MP: 4/4
  1912 | D:3      | Found a bloodstained altar of Trog.
  1912 | D:3      | Found the +4 skin of Zhor {*Englaciate rC+++ SInv}
  2361 | D:4      | Reached skill level 5 in Fighting
  2361 | D:4      | Reached skill level 5 in Axes
  2437 | D:4      | Found a snail-covered altar of Cheibriados.
  2490 | D:4      | Noticed a black bear
  2491 | D:4      | Identified the +2 helmet "Uvangire" {+Blink}
  2491 | D:4      | Noticed Robin
  2499 | D:4      | Killed a black bear
  2500 | D:4      | Reached XP level 6. HP: 56/56 MP: 5/5
  2506 | D:4      | Killed Robin
  2530 | D:4      | Reached skill level 5 in Armour
  2548 | D:4      | Reached **** piety under Trog
  2662 | D:4      | Reached skill level 6 in Axes
  2662 | D:4      | Reached XP level 7. HP: 57/63 MP: 6/6
  2925 | D:4      | Identified the +8 glaive of the Black Skies {pain, Fly
                  | rCorr Str-5 Dex-4}
  3155 | D:5      | Entered Level 5 of the Dungeon
  3465 | D:5      | Noticed Pikel
  3483 | D:5      | Killed Pikel
  3484 | D:5      | Reached skill level 7 in Axes
  3484 | D:5      | Reached XP level 8. HP: 47/73 MP: 7/7
  4164 | D:6      | Found an iron altar of Okawaru.
  4540 | D:6      | Noticed a two-headed ogre
  4556 | D:6      | Killed a two-headed ogre
  4557 | D:6      | Reached skill level 8 in Axes
  4557 | D:6      | Reached XP level 9. HP: 82/82 MP: 8/8
  4969 | D:7      | Found a staircase to the Ecumenical Temple.
  5239 | D:7      | Reached skill level 9 in Axes
  5518 | D:7      | Noticed Dowan
  5548 | D:7      | Killed Dowan
  5627 | D:7      | Killed Duvessa
  6633 | D:8      | Found a shimmering altar of Xom.
  6637 | D:8      | Found a sparkling altar of Nemelex Xobeh.
  6637 | D:8      | Found an ancient bone altar of Kikubaaqudgha.
  6645 | D:8      | Found a radiant altar of Vehumet.
  6648 | D:8      | Found a hide-covered altar of Uskayaw.
  7016 | D:8      | Reached skill level 10 in Fighting
  7358 | D:9      | Reached skill level 10 in Axes
  7707 | D:9      | Noticed a two-headed ogre
  7744 | D:9      | Killed a two-headed ogre
  7745 | D:9      | Reached XP level 10. HP: 94/94 MP: 9/9
  8000 | D:9      | Found Voriom's Distillery.
  8042 | D:9      | Found a staircase to the Lair.
  8372 | D:9      | Identified the +7 flail of Valiance {pain, +Blink Fly rPois
                  | SInv}
  8588 | D:10     | Entered Level 10 of the Dungeon
  8637 | D:10     | Reached skill level 11 in Axes
  8844 | D:10     | Reached skill level 5 in Dodging
  9085 | D:10     | Noticed a two-headed ogre
  9087 | D:10     | Noticed a tengu warrior
  9088 | D:10     | Noticed a moth of wrath
  9098 | D:10     | Found a bloodstained altar of Trog.
  9098 | D:10     | Noticed Iusername's ghost (journeyman MiFi)
  9145 | D:10     | Noticed Maggie
  9159 | D:10     | Killed Maggie
  9262 | D:10     | Noticed Maurice
  9310 | D:10     | Killed Maurice
  9341 | D:10     | Found a transporter.
  9343 | D:10     | Found a transporter.
  9512 | D:10     | Found Muunu's Weapon Shoppe.
  9551 | D:10     | Reached skill level 12 in Axes
  9742 | D:10     | Found a white marble altar of Elyvilon.
  9979 | D:10     | Found a basalt altar of Yredelemnul.
 10194 | Lair:1   | Entered Level 1 of the Lair of Beasts
 10264 | Lair:1   | Noticed an eight-headed hydra
 10275 | Lair:1   | Killed an 11-headed hydra
 10276 | Lair:1   | Reached XP level 11. HP: 104/104 MP: 10/10
 10393 | Lair:1   | Identified 2 scrolls of acquirement
 10393 | Lair:1   | Acquired the +1 buckler "Vatsam" {Str+2}
 10446 | Lair:1   | Noticed Erica
 10453 | Lair:1   | Reached skill level 1 in Shields
 10457 | Lair:1   | Killed Erica
 11065 | Lair:1   | Acquired a manual of Axes
 11141 | Lair:1   | Reached skill level 13 in Axes
 11604 | Lair:1   | Noticed a four-headed hydra
 11625 | Lair:1   | Killed a six-headed hydra
 11626 | Lair:1   | Reached skill level 5 in Shields
 11700 | Lair:1   | Reached skill level 14 in Axes
 11858 | Lair:1   | Reached ***** piety under Trog
 12798 | Lair:2   | Reached XP level 12. HP: 57/116 MP: 11/11
 12858 | Lair:2   | Reached skill level 15 in Axes
 13271 | Lair:2   | Found a hole to the Spider Nest.
 13788 | Lair:3   | Received a gift from Trog
 14078 | Lair:3   | Found a staircase to the Shoals.
 14095 | Lair:3   | Reached skill level 16 in Axes
 14554 | Lair:3   | Noticed Sonja
 14561 | Lair:3   | Killed Sonja
 14562 | Lair:3   | Reached skill level 15 in Fighting
 14694 | Lair:3   | Identified the ring of Puroohoe {MP+9 Dex+4}
 15062 | Lair:4   | Noticed a catoblepas
 15062 | Lair:4   | Noticed a catoblepas
 15081 | Lair:4   | Killed a catoblepas
 15093 | Lair:4   | Killed a catoblepas
 15095 | Lair:4   | HP: 5/121 [manticore (2)]
 15096 | Lair:4   | HP: 1/121 [manticore (3)]
 15096 | Lair:4   | Slain by a manticore

Illustrated notes

Levels and vault maps discovered:
D:1:      mainiacjoe_arrival_reflecting_pool, layout_rooms,
          dreamdust_ecumenical_altar_sealed_demon, minmay_split_cup_large
D:2:      layout_basic, grunt_ministairs_2, minmay_pentomino_pile, uniq_jessica
D:3:      layout_basic, bloody_trog, minivault_4
D:4:      layout_basic, mainiacjoe_overflow_tiny_flanked, serial_bayou_lagoon_a,
          uniq_robin
D:5:      layout_rooms, nrook_uturn, uniq_pikel
D:6:      layout_basic, mainiacjoe_overflow_paths, minmay_splitting_lines,
          minmay_stone_trees_small
D:7:      layout_basic, minmay_temple_entry_junction_2, lemuel_flamethrower_2,
          uniq_duvessa
D:8:      layout_loops_corners, minmay_overflow_temple_star_hex,
          serial_aquarium, aquarium_bridge_straight [aquarium_subvault_bridge,
          aquarium_subvault_window, aquarium_subvault_bridge,
          aquarium_subvault_wall], aquarium_bridge_long_joined
          [aquarium_subvault_window, aquarium_subvault_bridge,
          aquarium_subvault_wall, aquarium_subvault_bridge,
          aquarium_subvault_wall, aquarium_subvault_wall], aquarium_window_2,
          aquarium_window_corner, aquarium_window_1, aquarium_window_corner,
          aquarium_view_2e, aquarium_view_2c, chequers_serial_rivers_micro_d
D:9:      layout_irregular_city, david_lair_generic, serial_shops,
          nicolae_shop_trees, serial_park_tiny_pond
D:10:     layout_stronghold, kennysheep_ying_yang, serial_shops,
          nicolae_lakefront_shop, gammafunk_ghost_wrathful_warriors,
          uniq_maggie, uniq_maurice
D:11:     layout_big_octagon, minmay_gold_behind_fungi, uniq_nergalle
Lair:1:   layout_cave_pods, st_stairs_4, beast_lair_carwin_2, uniq_erica
Lair:2:   layout_roguey, nicolae_spider_entry_non_spiders,
          nicolae_quartered_pool_medium, beast_lair_carwin_3
Lair:3:   layout_cave_pods, minmay_shoals_entry_beasts, uniq_sonja
Lair:4:   nzn_motion_control, layout_long_grid, uniq_kirke

Skill      XL: |  1  2  3  4  5  6  7  8  9 10 11 12 |
---------------+-------------------------------------+-----
Axes           | 4 5 6 7 8 10 12 14 16 | 16.0
Fighting       | 4 5 6 7 8 10 12 13 15 | 15.4
Armour         | 3 4 5 6 8 9 |  9.9
Dodging        | 3 4 7 |  7.0
Shields        | 6 9 |  9.7

Action                   |  1- 3 |  4- 6 |  7- 9 | 10-12 || total
-------------------------+-------+-------+-------+-------++-------
Melee: Hand axe          |    78 |   120 |   306 |   119 ||   623
       Headbutt          |    13 |    20 |    31 |   109 ||   173
       Punch             |       |     3 |     2 |     2 ||     7
       War axe           |       |       |       |   394 ||   394
 Fire: Hunting sling     |     3 |       |       |       ||     3
Invok: Berserk           |       |     2 |     7 |     7 ||    16
       Trog's Hand       |       |     1 |     4 |     9 ||    14
Evoke: Wand              |       |       |       |     7 ||     7
  Use: Scroll            |       |       |     6 |    12 ||    18
Armor: Animal skin       |     6 |    31 |   100 |     8 ||   145
       Ring mail         |    23 |    26 |       |       ||    49
       Plate armour      |       |       |       |   282 ||   282
Dodge: Dodged            |    42 |    73 |   136 |   160 ||   411
Block: Buckler           |       |       |       |    69 ||    69
